 Dungeon Crawl Stone Soup version 0.28.0-49-g6dfe1f597d (webtiles) character file.

Game seed: 2691822213741662173

84 NinjaNoafa the Magician (level 4, 0/46 HPs)
             Began as a Djinni Ice Elementalist on May 11, 2022.
             Slain by a gnoll
             ... wielding a +0 flail
              (3 damage)
             ... on level 3 of the Dungeon.
             The game lasted 00:05:59 (4024 turns).

NinjaNoafa the Magician (Djinni Ice Elementalist)   Turns: 4024, Time: 00:06:00

Health: 0/46       AC: 22    Str:  6 (7)  XL:     4   Next: 74%
Gold:   44         EV:  2    Int: 17 (19) God:
                   SH:  0    Dex: 11 (13)

rFire   . . .      SeeInvis .   g - +0 dagger
rCold   . . .      Faith    .   (no shield)
rNeg    . . .      Spirit   .   (armour currently unavailable)
rPois   ∞          Reflect  .   (helmet currently unavailable)
rElec   .          Harm     .   (cloak currently unavailable)
rCorr   .          Rampage  .   (gloves currently unavailable)
Will    .....      NoTele   +   (boots unavailable)
Stlth   ++........              d - amulet of the acrobat
HPRegen 0.15/turn               (no ring)
MPRegen 0.00/turn               (no ring)

@: tree-form (expiring)
A: stationary, stasis, torment immunity, boosted hp, sickness immunity, (fire
resistance 2), (cold vulnerability 1), float, innate caster, HP casting, extra
vitality 1
a: no special abilities


You were on level 3 of the Dungeon.
You were a tree.
You visited 1 branch of the dungeon, and saw 4 of its levels.

You collected 66 gold pieces.
You spent 22 gold pieces at shops.

Inventory:

Hand Weapons
 g - a +0 dagger (weapon)
Missiles
 e - 4 atropa-tipped darts
 k - 32 stones
 n - 5 poisoned darts (quivered)
Armour
 a - a +0 robe (melded)
Jewellery
 d - an amulet of the acrobat (around neck)
Scrolls
 h - a scroll of immolation
 i - a scroll of magic mapping
Potions
 b - 2 potions of lignification
 j - a potion of curing


   Skills:
 - Level 2.1 Dodging
 - Level 1.5 Stealth
 + Level 4.6 Spellcasting


You couldn't memorise any spells.
You knew the following spells:

 Your Spells              Type           Power      Damage    Failure   Level
a - Freeze                Ice            76%        1d9       2%          1
b - Frozen Ramparts       Ice            38%        1d5       7%          3
c - Ozocubu's Armour      Ice            19%        N/A       7%          3
d - Hailstorm             Conj/Ice       19%        3d6       22%         4
e - Apportation           Tloc           38%        N/A       2%          1
Your spell library was empty.

Dungeon Overview and Level Annotations

Branches:
Dungeon (4/15)
 Temple: D:4-7

Altars:

Shops:
D:2 ?   D:3 =


Innate Abilities, Weirdness & Mutations

You are a tree.
Your roots penetrate the ground, keeping you stationary.
You cannot be teleported.
You are immune to unholy pain and torment.
Your maximum health is greatly increased.
Your equipment is partially melded.
You are immune to sickness and miasma.
You are immune to poison.
((Your flesh is very heat resistant. (rF++)))
((You are vulnerable to cold. (rC-)))
You float through the air rather than walking.
You learn spells naturally, not from books.
Your magical power is your life essence.
You have superior vitality. (+4 MHP)


Message History

Confirm with . or Enter, or press ? or * to list all spells.
Aiming: Freeze (safe; 2% risk of failure)
Press: ? - help, Shift-Dir - straight line, f/p - gnoll
Aim: a gnoll, wielding a +0 spear (severely wounded)
You freeze the gnoll.
The gnoll is severely wounded.
* * * LOW HITPOINT WARNING * * *
The gnoll hits you with a +0 spear.
* * * LOW HITPOINT WARNING * * *
You barely miss the gnoll.
The gnoll is severely wounded.
The gnoll hits you but does no damage.
You hit the gnoll but do no damage.
The gnoll is severely wounded.
The gnoll hits you but does no damage.
You hit the gnoll but do no damage.
The gnoll is severely wounded.
The gnoll barely misses you. The gnoll hits you with a +0 flail.
* * * LOW HITPOINT WARNING * * *
Casting: Freeze (safe; 2% risk of failure)
Confirm with . or Enter, or press ? or * to list all spells.
Aiming: Freeze (safe; 2% risk of failure)
Press: ? - help, Shift-Dir - straight line, f/p - gnoll
Aim: a gnoll, wielding a +0 spear (severely wounded)
You freeze the gnoll.
The gnoll is almost dead.
* * * LOW HITPOINT WARNING * * *
Your transformation is almost over.
The gnoll hits you but does no damage. The gnoll hits you with a +0 flail.
* * * LOW HITPOINT WARNING * * *
Casting: Freeze (safe; 2% risk of failure)
Confirm with . or Enter, or press ? or * to list all spells.
Aiming: Freeze (safe; 2% risk of failure)
Press: ? - help, Shift-Dir - straight line, f/p - gnoll
Aim: a gnoll, wielding a +0 spear (almost dead)
You freeze the gnoll.
You kill the gnoll!
* * * LOW HITPOINT WARNING * * *
The gnoll hits you with a +0 flail.
You die...

##### #...#
#######.#.##
#.g.g.......
#######.#####.####
#.......#####.####
#>g...........r...
#♣#########g...#..
#.g........g....$.
###########....#.#
#....#.# #....# #
#....# #....#
#.g..# #.....S.


You could see a gnoll and a hobgoblin.

Vanquished Creatures
  3 gnolls
  3 dart slugs
  An orc (D:3)
  7 endoplasms
  3 giant cockroaches
  5 goblins (D:1)
  2 hobgoblins
  3 jackals (D:1)
  2 quokkas (D:1)
  5 ball pythons
  8 bats
  3 frilled lizards
  8 kobolds
  2 rats (D:3)
55 creatures vanquished.

Notes
Turn   | Place    | Note
-------+----------+-------------------------------------------
     0 | D:1      | NinjaNoafa the Djinni Ice Elementalist began the quest for
                  | the Orb.
     0 | D:1      | Reached XP level 1. HP: 15/15 MP: 0/0
   293 | D:1      | Reached XP level 2. HP: 14/21 MP: 0/0
   805 | D:1      | Reached XP level 3. HP: 21/25 MP: 0/0
   805 | D:1      | Learned a level 1 spell: Apportation
  1254 | D:1      | Reached skill level 4 in Spellcasting
  1340 | D:1      | Found a faded altar of an unknown god.
  1988 | D:2      | Found Sonih's Magic Scroll Emporium.
  2237 | D:2      | Bought a scroll of identify for 22 gold pieces
  2462 | D:2      | Reached XP level 4. HP: 29/31 MP: 0/0
  3210 | D:3      | Found Etaripn's Jewellery Boutique.
  3974 | D:4      | Noticed an ogre
  4024 | D:3      | Slain by a gnoll

Illustrated notes

Levels and vault maps discovered:
D:1:      co_arrival_random_square_maze, layout_loops_corners,
          ebering_ecumenical_altar_sacrificial, minmay_distorted
D:2:      layout_basic, serial_shops, shop
D:3:      layout_basic, ebering_ghost_sewer_d, serial_shops, shop_statue
D:4:      layout_layer_cave, lemuel_round_altar, minmay_stone_trees_small,
          kennysheep_generic_room_15

Skill      XL: |  1  2  3 |
---------------+----------+-----
Spellcasting   | 4 |  4.6
Dodging        | |  2.1
Stealth        | |  1.5

Action                   |  1- 3 |  4- 6 || total
-------------------------+-------+-------++-------
Melee: Unarmed           |     5 |       ||     5
       War axe           |     4 |       ||     4
       Punch             |     1 |     2 ||     3
       Dagger            |    15 |    22 ||    37
Throw: Dart              |       |     1 ||     1
 Cast: Freeze            |    56 |    28 ||    84
       Apportation       |       |     1 ||     1
  Use: Scroll            |     2 |     4 ||     6
       Potion            |       |     6 ||     6
Armor: Robe              |    17 |     4 ||    21
       Skin              |       |     5 ||     5
Dodge: Dodged            |    44 |    34 ||    78
